 Dungeon Sprint DCSS version 0.22-a0-863-g005b4bd (webtiles) character file.

3611 Brynnhild the Fencer (level 9, -26/52 HPs)
             Began as a Spriggan Berserker on July 27, 2018.
             Was a High Priest of Trog.
             Annihilated by a komodo dragon (29 damage)
             ... in the Dungeon (Sprint IX: "|||||||||||||||||||||||||||||").
             The game lasted 00:02:19 (988 turns).

Brynnhild the Fencer (Spriggan Berserker)            Turns: 988, Time: 00:02:19

Health: -26/52     AC: 11    Str: 13    XL:     9   Next: 86%
Magic:  10/10      EV: 33    Int:  8    God:    Trog [*****.]
Gold:   0          SH:  0    Dex: 19    Spells: 8/8 levels left

rFire    . . .     SeeInvis +   m - +2 scimitar (protect)
rCold    . . .     Gourm    .   (shield restricted)
rNeg     . . .     Faith    .   b - +0 animal skin
rPois    .         Spirit   .   (helmet restricted)
rElec    .         Reflect  .   (no cloak)
rCorr    .         Harm     .   (gloves unavailable)
MR       +....     NoTele   +   (boots unavailable)
Stlth    ++........             s - amulet "Ossur Siskum" {Acrobat +Fly}
HPRegen  0.17/turn              o - +2 ring of evasion
MPRegen  0.12/turn              n - +2 ring of protection

@: protection aura, very quick
A: very small, unfitting armour, see invisible, herbivore, speed 3, slow
metabolism 2
a: Berserk, Trog's Hand, Brothers in Arms, Renounce Religion, Evoke Flight


You were in the Dungeon.
You worshipped Trog.
Trog was extremely pleased with you.
You were hungry.

You visited 1 branch

Inventory:

Hand Weapons
 a - a +0 falchion
 m - a +2 scimitar of protection (weapon)
Armour
 b - a +0 animal skin (worn)
Jewellery
 n - a +2 ring of protection (right hand)
 o - a +2 ring of evasion (left hand)
 s - the amulet "Ossur Siskum" (around neck) {Acrobat +Fly}
   (You found it in the Dungeon)

   [amulet of the acrobat]

   It helps you evade while moving and waiting.
   It lets you fly.
Wands
 l - a wand of acid (10)
Scrolls
 i - 3 scrolls of blinking
 k - 3 scrolls of remove curse
 t - a scroll of identify
 u - 4 scrolls of enchant weapon
 v - a scroll of fear
Potions
 d - 6 potions of curing
 e - 3 potions of heal wounds
 f - a potion of haste
 g - 4 potions of magic
 h - 2 potions of berserk rage
 j - a potion of invisibility
 p - a potion of agility
 q - a potion of might
 r - 2 potions of mutation


   Skills:
 + Level 8.4 Fighting
 * Level 15.1 Long Blades
 + Level 14.2 Dodging


You had 8 spell levels left.
You didn't know any spells.
Your spell library was empty.

Dungeon Overview and Level Annotations

Branches:
Dungeon (1/1)

Altars:
Cheibriados
Dithmenos
Elyvilon
Fedhas
Gozag
Hepliaklqana
Kikubaaqudgha
Makhleb
Nemelex Xobeh
Okawaru
Qazlal
Ru
Sif Muna
Trog
Uskayaw
Vehumet
Wu Jian
Xom
Yredelemnul
Zin
The Shining One
Beogh
Jiyva
Lugonu


Innate Abilities, Weirdness & Mutations

You are very small and have problems with some larger weapons.
You are too small for most types of armour.
You have supernaturally acute eyesight. (SInv)
You are a herbivore.
You cover ground extremely quickly.
You need to consume almost no food.


Message History

* * * LOW HITPOINT WARNING * * *
The komodo dragon completely misses you.
The komodo dragon completely misses you.
The komodo dragon completely misses you.
The komodo dragon barely misses you.
You riposte.
You slash the komodo dragon!
Your weapon exudes an aura of protection.
The komodo dragon is heavily wounded.
The komodo dragon completely misses you.
The komodo dragon completely misses you.
The komodo dragon completely misses you.
Unknown command.
You slash the komodo dragon!
Your weapon exudes an aura of protection.
The komodo dragon is severely wounded.
The komodo dragon closely misses you.
You barely miss the komodo dragon.
The komodo dragon is severely wounded.
The komodo dragon bites you!!
Ouch! That really hurt!
You die...

▓_▓.▓.▓
▓_▓.▓.▓
▓_▓.▓†▓
▓_▓.▓.▓
▓_▓.▓.▓
▓_▓.▓.▓
▓_▓.▓.▓
▓_▓.▓l▓
▓_▓.▓@▓
▓_▓.▓.▓
▓_▓.▓.▓
▓_▓.▓÷▓
▓_▓.▓(▓
▓_▓.▓.▓
▓_▓.▓.▓
▓_▓.▓÷▓
▓_▓.▓.▓


You could see a komodo dragon.

Vanquished Creatures
  A centaur warrior (D)
  An elephant (D)
  A spiny frog (D)
  A troll (D)
  A hippogriff (D)
  A yak (D)
  2 water moccasins (D)
  A porcupine (D)
  A necrophage (D)
  An ogre (D)
  A wolf (D)
  3 centaurs (D)
  3 crocodiles (D)
  A bullfrog (D)
  An iguana (D)
  2 worker ants (D)
  A shadow imp (D)
  A dart slug (D)
  2 bat skeletons (D)
  A jackal (D)
  A quokka (D)
  A bat (D)
  A jackal zombie (D)
  A quokka zombie (D)
  3 rats (D)
34 creatures vanquished.

Vanquished Creatures (collateral kills)
  A hydra (D)
  A black mamba (D)
  A water moccasin (D)
  2 bullfrogs (D)
5 creatures vanquished.

Vanquished Creatures (others)
  A spatial maelstrom (D)
1 creature vanquished.

Grand Total: 40 creatures vanquished

Notes
Turn   | Place    | Note
-------+----------+-------------------------------------------
     0 | D        | Brynnhild the Spriggan Berserker began the quest for the Orb.
     0 | D        | Reached XP level 1. HP: 11/11 MP: 2/2
     9 | D        | Reached skill level 3 in Long Blades
    13 | D        | Banished a spatial maelstrom
    14 | D        | Reached ** piety under Trog
   105 | D        | Noticed a centaur
   109 | D        | Reached *** piety under Trog
   109 | D        | Reached skill level 4 in Long Blades
   109 | D        | Reached skill level 5 in Dodging
   109 | D        | Reached XP level 2. HP: 16/16 MP: 3/3
   113 | D        | Killed a centaur
   113 | D        | Reached skill level 5 in Long Blades
   113 | D        | Reached XP level 3. HP: 17/21 MP: 4/4
   113 | D        | Reached XP level 4. HP: 22/26 MP: 5/5
   243 | D        | Found a roughly hewn altar of Beogh.
   243 | D        | Found a snail-covered altar of Cheibriados.
   243 | D        | Found a shadowy altar of Dithmenos.
   243 | D        | Found a white marble altar of Elyvilon.
   243 | D        | Found a blossoming altar of Fedhas.
   243 | D        | Found an opulent altar of Gozag.
   244 | D        | Found a hazy altar of Hepliaklqana.
   245 | D        | Found a viscous altar of Jiyva.
   246 | D        | Found an ancient bone altar of Kikubaaqudgha.
   247 | D        | Found a corrupted altar of Lugonu.
   248 | D        | Found a burning altar of Makhleb.
   249 | D        | Found a sparkling altar of Nemelex Xobeh.
   250 | D        | Found an iron altar of Okawaru.
   251 | D        | Found a stormy altar of Qazlal.
   252 | D        | Found a sacrificial altar of Ru.
   253 | D        | Found a deep blue altar of Sif Muna.
   254 | D        | Found a bloodstained altar of Trog.
   255 | D        | Found a hide-covered altar of Uskayaw.
   256 | D        | Found a radiant altar of Vehumet.
   257 | D        | Found an ornate altar of the Wu Jian Council.
   258 | D        | Found a shimmering altar of Xom.
   259 | D        | Found a basalt altar of Yredelemnul.
   260 | D        | Found a glowing silver altar of Zin.
   261 | D        | Found a glowing golden altar of the Shining One.
   291 | D        | Noticed a troll
   291 | D        | Noticed a necrophage
   291 | D        | Noticed a centaur
   293 | D        | Reached **** piety under Trog
   297 | D        | Killed a centaur
   297 | D        | Reached skill level 5 in Fighting
   297 | D        | Reached skill level 7 in Long Blades
   297 | D        | Reached XP level 5. HP: 30/30 MP: 6/6
   303 | D        | Killed a necrophage
   303 | D        | Reached skill level 8 in Long Blades
   305 | D        | Reached XP level 6. HP: 35/35 MP: 7/7
   311 | D        | Killed a troll
   311 | D        | Reached skill level 9 in Long Blades
   311 | D        | Reached skill level 10 in Dodging
   365 | D        | Noticed a centaur warrior
   376 | D        | Killed a centaur warrior
   376 | D        | Reached ***** piety under Trog
   376 | D        | Reached skill level 11 in Long Blades
   376 | D        | Reached XP level 7. HP: 33/41 MP: 8/8
   376 | D        | Reached XP level 8. HP: 36/45 MP: 9/9
   378 | D        | Reached skill level 12 in Long Blades
   604 | D        | Got the amulet "Ossur Siskum" {Acrobat +Fly}
   617 | D        | Noticed an eight-headed hydra
   617 | D        | Noticed a hippogriff
   617 | D        | Noticed a spiny frog
   626 | D        | Killed a spiny frog
   626 | D        | Reached skill level 13 in Long Blades
   629 | D        | Noticed a black mamba
   632 | D        | Killed a hippogriff
   632 | D        | Received a gift from Trog
   640 | D        | Killed a seven-headed hydra
   640 | D        | Reached XP level 9. HP: 49/51 MP: 10/10
   641 | D        | Received a gift from Trog
   641 | D        | Reached skill level 14 in Long Blades
   643 | D        | Killed a black mamba
   793 | D        | Noticed an elephant
   819 | D        | Noticed a komodo dragon
   889 | D        | Killed an elephant
   889 | D        | Received a gift from Trog
   907 | D        | HP: 2/51 [crocodile (10)]
   938 | D        | Reached skill level 15 in Long Blades
   979 | D        | HP: 1/52 [komodo dragon (3)]
   988 | D        | Annihilated by a komodo dragon

Vault maps used:
D:        linesprint

Skill      XL: |  1  2  3  4  5  6  7  8  9 |
---------------+----------------------------+-----
Long Blades    | 4 5 7 8 11 13 15 | 15.1
Dodging        | 5 7 8 9 11 12 14 | 14.2
Fighting       | 4 5 6 7 8 |  8.4

Action                   |  1- 3 |  4- 6 |  7- 9 || total
-------------------------+-------+-------+-------++-------
Melee: Falchion          |    21 |     4 |       ||    25
       Scimitar          |       |    27 |    25 ||    52
Invok: Berserk           |     1 |     2 |     1 ||     4
       Brothers in Arms  |       |       |     1 ||     1
       Trog's Hand       |       |       |     1 ||     1
  Eat: Ration            |       |       |     1 ||     1
Armor: Animal skin       |       |     3 |     5 ||     8
Dodge: Dodged            |    18 |    26 |   258 ||   302
       Rpst.: Falchion   |    10 |       |       ||    10
       Scimitar          |       |     2 |    77 ||    79

Table legend:
 A = Spawn XP
 B = Non-spawn XP
 C = Spawn XP percentage of total XP
 D = Spawn monster count
 E = Non-spawn monster count
 F = Spawn count percentage of total count
 G = Total turns spent on level
                    A         B        C        D         E        F      G
               +---------+---------+-------+---------+---------+-------+---------
         Total |       0 |    5159 |   0.0 |       0 |      39 |   0.0 |   988
               +---------+---------+-------+---------+---------+-------+---------
             D |       0 |    5159 |   0.0 |       0 |      39 |   0.0 |   988
               +---------+---------+-------+---------+---------+-------+---------
